 Dungeon Crawl Stone Soup version 0.30-a0-310-g7d6cbdfea6 (webtiles) character file.

Game seed: 6245808057567807878

14646 billz999 the Reanimator (level 11, -10/78 HPs)
             Began as a Vampire Earth Elementalist on Oct 24, 2022.
             Was an Initiate of Gozag.
             Mangled by a death yak (19 damage)
             ... on level 11 of the Dungeon.
             The game lasted 00:35:28 (13417 turns).

billz999 the Reanimator (VpEE)                     Turns: 13417, Time: 00:35:29

Health: -10/78     AC: 17    Str: 13    XL:     11   Next: 91%
Magic:  0/21       EV: 11    Int: 22    God:    Gozag
Gold:   1763       SH:  0    Dex: 17    Spells: 14/24 levels left

rFire   + . .      SeeInvis +    q - +5 dagger (protect)
rCold   . . .      Faith    .    (no shield)
rNeg    . . .      Spirit   .    L - +5 ring mail of Yrisag {+Blink rF+ Dex+2 SInv}
rPois   .          Reflect  .    z - +0 helmet
rElec   .          Harm     .    P - +1 cloak {rCorr}
rCorr   +          Rampage  .    K - +1 pair of gloves
Will    ++...                    j - +0 pair of boots
Stlth   +++.......               (no amulet)
HPRegen 0.53/turn                w - ring of willpower
MPRegen 0.17/turn                k - +6 ring of strength

@: healing quickly
A: alive, fangs 3, see invisible, vampiric 2
a: Exsanguinate, Renounce Religion, Evoke Blink, Potion Petition, Call Merchant,
Bribe Branch


You were on level 11 of the Dungeon.
You worshipped Gozag.
Gozag was most pleased with you.
You visited 2 branches of the dungeon, and saw 12 of its levels.
You also visited: Sewer and Ice Cave.

You collected 1840 gold pieces.
You paid 77 gold pieces to Gozag.

Inventory:

Hand Weapons
 f - a +4 whip of venom
 q - a +5 dagger of protection (weapon)
Missiles
 y - 42 poisoned darts
Armour
 a - a +0 robe
 j - a +0 pair of boots (worn)
 m - an orb of wrath
 x - a +0 cloak
 z - a +0 helmet (worn)
 K - a +1 pair of gloves (worn)
 L - the +5 ring mail of Yrisag (worn) {+Blink rF+ Dex+2 SInv}
   (You found it on level 4 of the Dungeon)

   Dex:       It affects your dexterity (+2).
   rF:        It protects you from fire.
   SInv:      It lets you see invisible.
   +Blink:    It lets you blink.
 P - a +1 cloak of preservation (worn)
Jewellery
 g - a +4 ring of protection
 k - a +6 ring of strength (right hand)
 w - a ring of willpower (left hand)
 B - a ring of positive energy
Wands
 l - a wand of mindburst (9)
 t - a wand of flame (37)
 M - a wand of roots (1)
 Q - a wand of polymorph (7)
Scrolls
 c - 3 scrolls of vulnerability
 e - 3 scrolls of fear {unknown}
 h - 2 scrolls of summoning {unknown}
 i - 5 scrolls of teleportation
 o - 3 scrolls of magic mapping
 r - 2 scrolls of noise
 s - a scroll of amnesia {unknown}
 u - a scroll of torment {unknown}
 v - 2 scrolls of enchant armour {unknown}
 C - 2 scrolls of silence {unknown}
 F - 3 scrolls of poison {unknown}
 H - 2 scrolls of fog {unknown}
Potions
 b - 2 potions of magic
 d - a potion of flight
 n - 2 potions of invisibility
 p - 2 potions of brilliance
 A - 5 potions of lignification
 D - 4 potions of mutation
 G - 2 potions of haste
 I - 3 potions of resistance
 J - 2 potions of cancellation
 N - 2 potions of might
 O - a potion of curing
 R - a potion of degeneration {unknown}


   Skills:
 + Level 4.5 Fighting
 - Level 3.0 Short Blades
 - Level 3.0 Armour
 - Level 2.1 Dodging
 - Level 6.5 Stealth
 - Level 7.0 Spellcasting
 + Level 12.6 Necromancy
 - Level 9.1 Transmutations
 - Level 8.4 Earth Magic


You had 14 spell levels left.
You knew the following spells:

 Your Spells              Type           Power      Damage    Failure   Level
a - Sandblast             Erth           88%        2d18      1%          1
b - Petrify               Tmut/Erth      46%        N/A       4%          4
c - Borgnjor's Vile Clut  Necr/Erth      26%        N/A       6%          5

Your spell library contained the following spells:

 Spells                   Type           Power      Damage    Failure   Level
 Necrotise                Necr           100%       1d9       1%          1
 Passwall                 Tmut/Erth      38%        N/A       1%          2
 Vampiric Draining        Necr           59%        2d10      1%          3
 Agony                    Necr           59%        N/A       2%          5
 Cigotuvi's Dreadful Rot  Necr/Pois/Air  52%        N/A       4%          2
 Stone Arrow              Conj/Erth      52%        3d10      9%          3
 Death Channel            Necr           29%        N/A       14%         6
 Poisonous Vapours        Pois/Air       14%        N/A       26%         2
 Scorch                   Fire           14%        2d5       26%         2
 Mephitic Cloud           Conj/Pois/Air  7%         N/A       45%         3
 Flame Wave               Conj/Fire      7%         2d5       86%         4
 Summon Cactus Giant      Summ           3%         N/A       100%        6
 Animate Dead             Necr           Unusable   N/A       N/A         4

Dungeon Overview and Level Annotations

Branches:
Dungeon (11/15)            Temple (1/1) D:5            Lair (0/5) D:11
    Orc (0/2) D:10          Sewer (visited)           IceCv (visited)

Altars:
Ashenzari
Cheibriados
Dithmenos
Fedhas
Gozag
Hepliaklqana
Kikubaaqudgha
Makhleb
Nemelex Xobeh
Okawaru
Qazlal
Ru
Sif Muna
Trog
Uskayaw
Vehumet
Wu Jian
Xom
Yredelemnul

Shops:
D:5 (   D:6 (


Innate Abilities, Weirdness & Mutations

Your natural rate of healing is accelerated.
You have razor-sharp teeth.
You have supernaturally acute eyesight. (SInv)
You are afflicted with vampirism and can become a bat while bloodless.


Message History

Unknown command.
There is an ice choked empty arch of ancient stone, spattered with blood here.
The death yak attacks as you move away! The death yak gores you!!
There is an ice covered gate leading back out of this place here.
The death yak gores you!
Welcome back to the Dungeon!
There is a collapsed entrance here.
You hit the death yak.
Your weapon exudes an aura of protection.
You bite the death yak, but do no damage.
The death yak is almost dead.
The death yak gores you!!
Unknown command.
Casting: Sandblast (safe; 1% risk of failure)
Confirm with . or Enter, or press ? or * to list all spells.
Aiming: Sandblast (safe; 1% risk of failure)
Press: ? - help, Shift-Dir - straight line, f - death yak
Aim: a death yak (almost dead, 95% to hit)
The blast of sand hits the death yak but does no damage.
The death yak is almost dead.
The death yak gores you!
* * * LOW HITPOINT WARNING * * *
Aiming: Mindburst
Press: ? - help, Shift-Dir - straight line, f/p - death yak
Aim: a death yak (almost dead, chance to affect: 6%)
The death yak resists with almost no effort.
The death yak gores you!
* * * LOW HITPOINT WARNING * * *
Unknown command.
Unknown command.
Casting: Sandblast (safe; 1% risk of failure)
Confirm with . or Enter, or press ? or * to list all spells.
Aiming: Sandblast (safe; 1% risk of failure)
Press: ? - help, Shift-Dir - straight line, f/p - death yak
Aim: a death yak (almost dead, 95% to hit)
The blast of sand hits the death yak.
The death yak is almost dead.
The death yak gores you!!
You die...
Your body crumbles into a pile of gold.

................
.######.........
#.........
#......... ..
#....##### ...
.... ...#
#....##### ...#
#......Y@# .....
#..≈.....# .}...
#...#≈...#≈....
#...≈#≈..#..#
#....≈#....)#
#......≈....#
#......./####..
##.............
#.............


You could see a death yak.

Vanquished Creatures
  A fire dragon (D:11)
  Erolcha (D:9)
  A boulder beetle (D:11)
  3 two-headed ogres
  A deep elf pyromancer (D:9)
  Maurice (D:8)
  3 rime drakes
  2 hornets (D:9)
  Grinder (D:3)
  3 trolls
  2 polar bears (IceCv)
  Sigmund (D:6)
  A shadow (D:9)
  A vampire (D:9)
  A wyvern (D:9)
  6 yaks
  A wraith (D:10)
  Eustachio (D:5)
  4 vampire mosquitoes (D:10)
  Edmund (D:5)
  4 water moccasins
  Duvessa (D:6)
  3 ice beasts (D:11)
  2 ogres (D:4)
  A black bear (D:7)
  7 orc warriors
  3 wolves
  6 centaurs
  3 phantoms
  2 lemures (D:6)
  4 kobold brigands
  A gnoll sergeant (D:10)
  3 bullfrogs
  A necrophage (D:8)
  4 scorpions
  Dowan (D:6)
  3 wights (D:7)
  11 killer bees
  7 howler monkeys
  A crimson imp (D:4)
  2 hounds
  A jelly (D:6)
  A gnoll bouda (D:8)
  2 orc priests
  Crazy Yiuf (D:7)
  4 iguanas
  10 orc wizards
  Robin (D:2)
  8 adders
  16 gnolls
  2 river rats (Sewer)
  3 ufetubi
  4 worms
  4 dart slugs
  43 orcs
  12 ball pythons
  11 endoplasms
  3 giant cockroaches
  18 goblins
  7 hobgoblins
  12 jackals
  7 quokkas
  5 bats
  7 frilled lizards
  A goblin skeleton (D:4)
  A goblin zombie (D:4)
  A hobgoblin zombie (D:4)
  22 kobolds
  2 kobold skeletons (D:4)
  A kobold zombie (D:4)
  2 orc skeletons (D:4)
  24 rats
342 creatures vanquished.

Notes
Turn   | Place    | Note
-------+----------+-------------------------------------------
     0 | D:1      | billz999 the Vampire Earth Elementalist began the quest for
                  | the Orb.
     0 | D:1      | Reached XP level 1. HP: 13/13 MP: 3/3
   297 | D:1      | Reached XP level 2. HP: 19/19 MP: 3/5
  1048 | D:1      | Gained mutation: You are afflicted with vampirism and can
                  | become a bat while bloodless. [Vampire growth]
  1048 | D:1      | Reached XP level 3. HP: 18/24 MP: 1/6
  1851 | D:2      | Reached XP level 4. HP: 30/30 MP: 4/7
  2199 | D:2      | Noticed Robin
  2205 | D:2      | Killed Robin
  2296 | D:2      | Identified the +1 scale mail of Zared {Will- Regen+ SInv}
  2384 | D:3      | Reached skill level 5 in Stealth
  2507 | D:3      | Learned a level 4 spell: Petrify
  2521 | D:3      | Noticed Grinder
  2522 | D:3      | Paralysed by Grinder for 4 turns
  2528 | D:3      | Paralysed by Grinder for 3 turns
  2542 | D:3      | Reached XP level 5. HP: 25/35 MP: 4/8
  2554 | D:3      | Killed Grinder
  2555 | D:3      | Reached skill level 5 in Transmutations
  2555 | D:3      | Reached XP level 6. HP: 18/41 MP: 4/10
  3228 | D:4      | You fall into a shaft and drop 2 floors!
  3244 | D:6      | Noticed Sigmund
  3249 | D:6      | Killed Sigmund
  3250 | D:6      | Reached XP level 7. HP: 40/46 MP: 7/11
  3816 | D:6      | Noticed Dowan
  3900 | D:6      | Found a glowing drain.
  3904 | Sewer    | Entered a sewer
  4358 | Sewer    | Reached XP level 8. HP: 42/52 MP: 9/14
  4362 | Sewer    | Reached skill level 5 in Earth Magic
  4796 | D:6      | Found Zofoc's Weapon Emporium.
  5026 | D:5      | Entered Level 5 of the Dungeon
  5127 | D:6      | Killed Dowan
  5361 | D:5      | Noticed Eustachio
  5992 | D:4      | Reached skill level 5 in Spellcasting
  6069 | D:4      | Reached skill level 1 in Short Blades
  6117 | D:4      | Identified the +5 ring mail of Yrisag {+Blink rF+ Dex+2
                  | SInv}
  6320 | D:4      | Learned a level 5 spell: Borgnjor's Vile Clutch
  6423 | D:5      | Killed Eustachio
  6424 | D:5      | Reached skill level 2 in Necromancy
  6424 | D:5      | Reached XP level 9. HP: 57/57 MP: 12/16
  6438 | D:5      | Noticed Edmund
  6554 | D:5      | Killed Edmund
  6555 | D:5      | Reached skill level 3 in Necromancy
  6660 | D:5      | Found a staircase to the Ecumenical Temple.
  6667 | Temple   | Entered the Ecumenical Temple
  6881 | Temple   | Became a worshipper of Gozag Ym Sagoz the Greedy
  7068 | D:5      | Found Bieguud's Weapon Boutique.
  7155 | D:5      | Found an ancient bone altar of Kikubaaqudgha.
  7296 | D:6      | Noticed Duvessa
  7306 | D:6      | Killed Duvessa
  7307 | D:6      | Reached skill level 4 in Necromancy
  7353 | D:6      | Reached skill level 5 in Necromancy
  7773 | D:7      | Reached skill level 6 in Necromancy
  8061 | D:7      | Reached skill level 7 in Necromancy
  8243 | D:7      | Found an iron altar of Okawaru.
  8586 | D:7      | Found a runed translucent door.
  8587 | D:7      | Noticed Crazy Yiuf
  8598 | D:7      | Killed Crazy Yiuf
  8719 | D:8      | Found a hide-covered altar of Uskayaw.
  8854 | D:8      | Reached skill level 8 in Necromancy
  9106 | D:8      | Noticed Maurice
  9233 | D:8      | Reached XP level 10. HP: 41/63 MP: 5/17
  9479 | D:8      | Found a bloodstained altar of Trog.
  9480 | D:8      | Found a sacrificial altar of Ru.
  9575 | D:8      | Found a shadowy altar of Dithmenos.
  9646 | D:8      | Killed Maurice
  9892 | D:9      | Noticed a two-headed ogre
  9916 | D:9      | Killed a two-headed ogre
  9937 | D:9      | Reached skill level 9 in Necromancy
 10365 | D:9      | Noticed a deep elf pyromancer
 10375 | D:9      | Killed a deep elf pyromancer
 10376 | D:9      | Reached skill level 10 in Necromancy
 10376 | D:9      | Noticed Erolcha
 10385 | D:9      | Killed Erolcha
 10501 | D:9      | Reached XP level 11. HP: 68/68 MP: 14/21
 10566 | D:9      | Reached skill level 11 in Necromancy
 11179 | D:10     | Entered Level 10 of the Dungeon
 11185 | D:10     | Found a staircase to the Orcish Mines.
 11456 | D:10     | Noticed a two-headed ogre
 11465 | D:10     | Killed a two-headed ogre
 11466 | D:10     | Reached skill level 1 in Armour
 12586 | D:11     | Noticed a fire dragon
 12589 | D:11     | Noticed a two-headed ogre
 12606 | D:11     | Killed a two-headed ogre
 12607 | D:11     | Reached skill level 1 in Fighting
 12614 | D:11     | Killed a fire dragon
 12756 | D:11     | Noticed a boulder beetle
 12759 | D:11     | Noticed a boulder beetle
 12763 | D:11     | Found a staircase to the Lair.
 12913 | D:11     | Killed a boulder beetle
 12914 | D:11     | Reached skill level 12 in Necromancy
 13097 | D:11     | Found a frozen archway.
 13115 | IceCv    | Entered an ice cave
 13280 | IceCv    | Noticed a death yak
 13280 | IceCv    | Noticed a death yak
 13417 | D:11     | Mangled by a death yak

Illustrated notes

Levels and vault maps discovered:
D:1:      dpeg_arrival_tiny_a, layout_loops_corners, solitary_fountain,
          minivault_5
D:2:      layout_basic, uniq_robin
D:3:      layout_basic, st_stairs_5, chequers_mini_garden, due_unseen_surprise,
          uniq_grinder
D:4:      kennysheep_the_goblin_king, layout_rooms, nicolae_tso_besieged_by_evil
D:5:      layout_cave_pools, lemuel_crystal_altar, minmay_temple_entry_hall,
          serial_shops, nicolae_shop_window_shopping, grunt_decor_resistance,
          uniq_edmund, uniq_eustachio
D:6:      layout_loops_ring, gup_sewer_entry_bowl, serial_shops,
          nicolae_shop_bloodbath_and_beyond, uniq_pikel, uniq_duvessa,
          uniq_sigmund
D:7:      layout_cave_pools, mainiacjoe_overflow_small_starburst,
          uniq_crazy_yiuf_cottage
D:8:      layout_rooms, grunt_dithmenos_shadows,
          chequers_temple_overflow_statue_of_worship,
          gammafunk_temple_overflow_pools, chequers_serial_rivers_room_a,
          uniq_maurice
D:9:      layout_loops_ring, minmay_variable_closet, uniq_erolcha
D:10:     layout_layer_cave, david_orc_3
D:11:     minmay_chambers_of_sixes, layout_irregular_city,
          hellmonk_lair_entry_icy, portal_ice_cave_rime, nicolae_specific_store,
          eino_tiny_chamber, nicolae_elevator_lobby_plus
Temple:   dpeg_chambers_temple

Skill      XL: |  1  2  3  4  5  6  7  8  9 10 11 |
---------------+----------------------------------+-----
Transmutations | 2 3 4 5 6 7 9 |  9.1
Stealth        | 4 5 6 |  6.5
Spellcasting   | 3 4 5 6 7 |  7.0
Earth Magic    | 4 5 7 8 |  8.4
Short Blades   | 2 3 |  3.0
Necromancy     | 2 8 10 12 | 12.6
Armour         | 3 |  3.0
Fighting       | 4 |  4.5
Dodging        | |  2.1

Action                   |  1- 3 |  4- 6 |  7- 9 | 10-12 || total
-------------------------+-------+-------+-------+-------++-------
Melee: Whip              |     3 |     8 |       |       ||    11
       Bite              |     1 |     7 |    28 |    29 ||    65
       Dagger            |       |    38 |   268 |   144 ||   450
       Punch             |       |     1 |     6 |     3 ||    10
 Cast: Sandblast         |    65 |    46 |   195 |    94 ||   400
       Petrify           |       |       |    48 |    35 ||    83
       Borgnjor's Vile C |       |       |       |    18 ||    18
Evoke: Wand              |       |       |     3 |     1 ||     4
  Use: Scroll            |       |     6 |     2 |     8 ||    16
       Potion            |       |     3 |     4 |     3 ||    10
 Stab: Sleeping          |       |     2 |     5 |       ||     7
       Petrified         |       |       |    45 |    65 ||   110
       Petrifying        |       |       |     3 |     4 ||     7
       Invisible         |       |       |     1 |       ||     1
Armor: Robe              |     6 |    12 |   160 |    37 ||   215
       Ring mail         |       |       |       |    46 ||    46
Dodge: Dodged            |    14 |    46 |   230 |   108 ||   398

Table legend: (Time is in decaauts)
 A = Elapsed time spent in this place.
 B = Non-inter-level travel time spent in this place.
 C = Inter-level travel time spent in this place.
 D = Time resting spent in this place.
 E = Time spent auto-exploring this place.
 F = Levels seen in this place.
 G = Mean time per level.
                   A        B        C        D        E       F      G
               +--------+--------+--------+--------+--------+-----+--------+
         Total |  13641 |  13056 |    585 |    660 |   9893 |  14 |  974.4 |
       Dungeon |  12196 |  11633 |    563 |    543 |   8906 |  11 | 1108.7 |
        Temple |    227 |    205 |     22 |      0 |    191 |   1 |  227.0 |
         Sewer |    916 |    916 |      0 |     15 |    659 |   1 |  916.0 |
      Ice Cave |    301 |    301 |      0 |    102 |    137 |   1 |  301.0 |
               +--------+--------+--------+--------+--------+-----+--------+

Top non-repeatable levels by time:
     D:6: 1726 daAuts
     D:9: 1503 daAuts
     D:1: 1356 daAuts
    D:10: 1174 daAuts
     D:4: 1174 daAuts
     D:2: 1058 daAuts
     D:7: 988 daAuts
     D:8: 984 daAuts
   Sewer: 916 daAuts
     D:3: 823 daAuts
     D:5: 745 daAuts
    D:11: 660 daAuts
   IceCv: 301 daAuts
  Temple: 227 daAuts
